 Dungeon Crawl Stone Soup version 0.19-a0-733-geeb8733 (webtiles) character file.

137 Aksej the Grave Robber (level 5, 0/37 HPs)
             Began as a Demonspawn Necromancer on June 22, 2016.
             Succumbed to Ijyb's poison
             ... on level 3 of the Dungeon.
             The game lasted 00:07:54 (2702 turns).

Aksej the Grave Robber (Demonspawn Necromancer)     Turns: 2702, Time: 00:07:54

Health: 0/37       AC:  3    Str:  8    XL:     5   Next: 0%
Magic:  16/18      EV: 13    Int: 17    God:
Gold:   101        SH:  0    Dex: 16    Spells: 4 memorised, 1 level left

rFire  . . .     SeeInvis +     a - staff of death
rCold  + . .     Gourm    .     n - +0 robe
rNeg   + . .     Faith    .     (no shield)
rPois  .         Spirit   +     e - +1 helmet {SInv}
rElec  .         Dismiss  .     (no cloak)
rCorr  .         Reflect  .     (no gloves)
SustAt .         Harm     .     (no boots)
MR     .....     Clarity  +     (no amulet)
Stlth  +++.......               f - ring of magical power
                                d - +6 ring of slaying

@: lethally poisoned (0 -> -5), not resistant to hostile enchantments, fairly
stealthy
A: thin skeletal structure 1, blurry vision 1, clarity, cold resistance 1,
deformed body, magic shield
a: no special abilities


You were on level 3 of the Dungeon.
You were not hungry.

You visited 1 branch of the dungeon, and saw 3 of its levels.

You collected 101 gold pieces.

Inventory:

Armour
 e - a +1 helmet of see invisible (worn)
 n - a +0 robe (worn)
Magical Staves
 a - an uncursed staff of death (weapon)
Jewellery
 d - a +6 ring of slaying (left hand)
 f - a ring of magical power (right hand)
 g - an uncursed ring of protection from fire {unknown}
Scrolls
 h - a scroll of teleportation
 i - a scroll of blinking
Books
 b - a book of Necromancy

   Spells                             Type                      Level
   a - Pain                           Necromancy                   1
   b - Animate Skeleton               Necromancy                   1
   c - Vampiric Draining              Necromancy                   3
   d - Regeneration                   Charms/Necromancy            3
   e - Animate Dead                   Necromancy                   4
   f - Control Undead                 Necromancy                   4
Comestibles
 c - 2 bread rations
 k - a meat ration


   Skills:
 + Level 1.0 Fighting
   Level 0.3 Short Blades
 * Level 0.1 Staves
 + Level 2.0 Dodging
 + Level 2.3 Stealth
 + Level 3.0 Spellcasting
 * Level 5.5 Necromancy
 * Level 0.2 Evocations


You had one spell level left.
You knew the following spells:

 Your Spells              Type           Power        Failure   Level  Hunger
a - Pain                  Necr           ####         1%          1    None
b - Animate Skeleton      Necr           N/A          1%          1    None
c - Animate Dead          Necr           N/A          21%         4    ####...
d - Regeneration          Chrm/Necr      ###.......   17%         3    ###....


Dungeon Overview and Level Annotations

Branches:
Dungeon (3/15)

Altars:
Ashenzari


Innate Abilities, Weirdness & Mutations

You have a somewhat thin skeletal structure. (Dex +2, Stealth)
When hurt, damage is shared between your health and your magic reserves.
Scrolls take you a little longer to read.
You possess an exceptional clarity of mind.
Your flesh is cold resistant. (rC+)
Armour fits poorly on your strangely shaped body.


Message History

You see here an ice dragon armour.
You aren't carrying any potions.
* * * LOW HITPOINT WARNING * * *
You feel sick.
* * * LOW HITPOINT WARNING * * *
You feel sick.
* * * LOW HITPOINT WARNING * * *
You feel sick.
* * * LOW HITPOINT WARNING * * *
You feel sick.
A goblin comes into view. It is wielding a club.
* * * LOW HITPOINT WARNING * * *
You feel sick.
* * * LOW HITPOINT WARNING * * *
You feel sick.
* * * LOW HITPOINT WARNING * * *
You feel sick.
* * * LOW HITPOINT WARNING * * *
You feel sick.
You die...

......# .....# ....+
...###### #........
#+######.# #.#[.....#
#.#.###### #.#@# ###
#.#.# #.. #.#.########
#.# #.....)....# # #.#
#).........# #.##.#
#..........# #.....
####..........# ####.#
#....#.......... #.#
#.###################.#


There were no monsters in sight!

Vanquished Creatures
  Ijyb (D:3)
  Terence (D:3)
  2 adders (D:2)
  3 worms (D:2)
  3 giant geckos
  3 orcs (D:3)
  3 giant cockroaches (D:1)
  8 goblins
  10 hobgoblins
  6 kobolds
  9 bats
  4 rats
53 creatures vanquished.

Vanquished Creatures (collateral kills)
  A kobold (D:2)
1 creature vanquished.

Grand Total: 54 creatures vanquished

Notes
Turn   | Place    | Note
--------------------------------------------------------------
     0 | D:1      | Aksej the Demonspawn Necromancer began the quest for the Orb.
     0 | D:1      | Reached XP level 1. HP: 13/13 MP: 3/3
     2 | D:1      | Learned a level 1 spell: Animate Skeleton
   356 | D:1      | Gained mutation: When hurt, damage is shared between your health and your magic reserves. [demonic ancestry]
   356 | D:1      | Reached XP level 2. HP: 6/19 MP: 5/5
   816 | D:1      | Reached skill level 5 in Necromancy
  1043 | D:1      | Gained mutation: You have a somewhat thin skeletal structure. (Dex +2, Stealth) [demonic ancestry]
  1043 | D:1      | Reached XP level 3. HP: 24/24 MP: 6/6
  1658 | D:2      | Found a shattered altar of Ashenzari.
  1728 | D:2      | You fall through a shaft!
  1760 | D:3      | Noticed Terence
  1774 | D:3      | Gained mutation: Your flesh is cold resistant. (rC+) [potion of mutation]
  1774 | D:3      | Gained mutation: Armour fits poorly on your strangely shaped body. [potion of mutation]
  1774 | D:3      | Gained mutation: Scrolls take you a little longer to read. [potion of mutation]
  1775 | D:3      | Gained mutation: You possess an exceptional clarity of mind. [potion of beneficial mutation]
  1782 | D:3      | Killed Terence
  1782 | D:3      | Reached XP level 4. HP: 30/30 MP: 1/8
  1895 | D:3      | Learned a level 4 spell: Animate Dead
  2359 | D:2      | Reached skill level 1 in Fighting
  2539 | D:2      | Learned a level 3 spell: Regeneration
  2670 | D:3      | Noticed Ijyb
  2683 | D:3      | Killed Ijyb
  2683 | D:3      | Reached XP level 5. HP: 22/37 MP: 9/9
  2701 | D:3      | HP: 1/37 [poisoned by Ijyb]
  2702 | D:3      | Succumbed to Ijyb's poison

Vault maps used:
D:1:      dpeg_arrival_long_road, minmay_tree_intersection
D:2:      lemuel_doored_altar
D:3:      led_sif_book, uniq_iyjb, uniq_terence, uniq_jessica

Skill      XL: |  1  2  3  4 |
---------------+-------------+-----
Necromancy     | 5 |  5.5
Dodging        | 2 |  2.0
Stealth        | 2 |  2.3
Spellcasting   | 3 |  3.0
Fighting       | 1 |  1.0
Short Blades   | |  0.3
Staves         | |  0.1
Evocations     | |  0.2

Action                   |  1- 3 |  4- 6 || total
-------------------------+-------+-------++-------
Melee: Unarmed           |    43 |       ||    43
       Rapier            |    24 |    24 ||    48
       Staff             |       |    15 ||    15
 Cast: Pain              |    33 |    17 ||    50
       Animate Skeleton  |     8 |     3 ||    11
  Use: Scroll            |     6 |     3 ||     9
       Potion            |     5 |     2 ||     7
 Stab: Sleeping          |     3 |     2 ||     5
  Eat: Chunk             |     3 |     3 ||     6
Armor: Robe              |    12 |    14 ||    26
       Skin              |     8 |       ||     8
Dodge: Dodged            |    35 |    35 ||    70
